 Dungeon Crawl Stone Soup version 0.19-a0-1608-g4cf22de (webtiles) character file.

3 jacquesderrida the Charmwright (level 1, 0/11 HPs)
             Began as a Vine Stalker Skald on Sept 17, 2016.
             Was an Initiate of Ashenzari.
             Slain by a hound (4 damage)
             ... on level 4 of the Dungeon.
             The game lasted 00:01:08 (280 turns).

jacquesderrida the Charmwright (Vine Stalker Skald)  Turns: 280, Time: 00:01:09

Health: 0/11       AC:  3    Str: 14    XL:     1   Next: 50%
Magic:  0/4        EV: 11    Int: 12    God:    Ashenzari [......]
Gold:   17         SH:  0    Dex: 13    Spells: 1 memorised, 3 levels left

rFire  . . .     SeeInvis .     a - +0 falchion
rCold  . . .     Gourm    .     b - +0 leather armour
rNeg   . . .     Faith    .     (no shield)
rPois  .         Spirit   +     (no helmet)
rElec  .         Dismiss  .     (no cloak)
rCorr  .         Reflect  .     (no gloves)
MR     .....     Harm     .     (no boots)
Stlth  +.........               (no amulet)
                                (no ring)
                                (no ring)

@: no status effects
A: fangs 2, magic shield, antimagic bite, no device heal 3, rot immunity
a: Curse Item, Renounce Religion


You were on level 4 of the Dungeon.
You worshipped Ashenzari.
Ashenzari was noncommittal.
You were not hungry.

You visited 2 branches of the dungeon, and saw 5 of its levels.

You collected 17 gold pieces.

Inventory:

Hand Weapons
 a - a +0 falchion (weapon)
Armour
 b - a +0 leather armour (worn)
Scrolls
 e - 3 scrolls of identify {unknown}
 f - 3 scrolls of remove curse
Books
 c - a book of Battle

   Spells                             Type                      Level
   a - Infusion                       Charms                       1
   b - Shroud of Golubria             Charms/Translocation         2
   c - Song of Slaying                Charms                       2
   d - Spectral Weapon                Hexes/Charms                 3
   e - Regeneration                   Charms/Necromancy            3
Comestibles
 d - 2 bread rations


   Skills:
 - Level 1.7 Fighting
 + Level 2.1 Long Blades
 - Level 0.7 Armour
 - Level 0.7 Dodging
 - Level 2.1 Spellcasting
 - Level 3.0 Charms


You had 3 spell levels left.
You knew the following spells:

 Your Spells              Type           Power        Failure   Level  Hunger
a - Infusion              Chrm           #...         12%         1    ##.....


Dungeon Overview and Level Annotations

Branches:
Dungeon (4/15)             Temple (1/1) D:4

Altars:
Ashenzari
Cheibriados
Elyvilon
Fedhas
Hepliaklqana
Makhleb
Nemelex Xobeh
Okawaru
Qazlal
Sif Muna
Trog
Uskayaw
Vehumet
Yredelemnul
Zin


Innate Abilities, Weirdness & Mutations

You have extremely sharp teeth.
When hurt, damage is shared between your health and your magic reserves.
Your bite disrupts and absorbs the magic of your enemies.
Potions and wands cannot restore your health.
You are immune to rotting.


Message History

The hound is moderately wounded.
You aren't carrying any potions.
You hit the hound but do no damage. Your bite misses the hound.
The hound is moderately wounded.
The hound closely misses you.
You barely miss the hound.
The hound is moderately wounded.
The hound barely misses you.
You riposte.
You hit the hound.
The hound is heavily wounded.
The hound barely misses you.
You riposte.
You barely miss the hound.
The hound is heavily wounded.
You hit the hound.
The hound is heavily wounded.
The hound barely misses you. x2; You riposte.
You hit the hound but do no damage.
The hound is heavily wounded.
You miss the hound.
The hound is heavily wounded.
The hound bites you.
You die...

..........#(#.#####...
#...........#.#####..
#...#.#######.......#
#...#.# #.#######
#...#.# ####.####
#...#.# #.......# ...
..# #.##.##.# ## #
#.##.#####.#
#...@....... #
####h#####.. #.#####.#
.##.......#
........### .....##.#
.c## #.# #.# #.#


You could see a hound.

Vanquished Creatures
  A goblin (D:3)
  A frilled lizard (D:3)
  A kobold (D:1)
  A rat (D:3)
4 creatures vanquished.

Notes
Turn   | Place    | Note
-------+----------+-------------------------------------------
     0 | D:1      | jacquesderrida the Vine Stalker Skald began the quest for the Orb.
     0 | D:1      | Reached XP level 1. HP: 11/11 MP: 4/4
   152 | D:4      | Found a staircase to the Ecumenical Temple.
   160 | Temple   | Entered the Ecumenical Temple
   193 | Temple   | Became a worshipper of Ashenzari the Shackled
   267 | D:4      | Noticed a hound
   270 | D:4      | Noticed a centaur
   280 | D:4      | Slain by a hound

Vault maps used:
D:1:      evilmike_arrival_crescent
D:2:      uniq_robin, uniq_crazy_yiuf_cottage
D:3:      serial_undead, serial_undead_f, serial_undead_a, serial_undead_b,
          serial_undead_b, uniq_sigmund, uniq_jessica, uniq_iyjb
D:4:      serial_shops, nicolae_shop_crystal
Temple:   compressed_dpeg_circular_temple

Skill      XL: |  1 |
---------------+----+-----
Long Blades    | 2 |  2.1
Fighting       | |  1.7
Armour         | |  0.7
Dodging        | |  0.7
Spellcasting   | |  2.1
Charms         | |  3.0

Action                   || total
-------------------------++-------
Melee: Falchion          ||    30
       Bite              ||     3
Armor: Leather armour    ||     2
Dodge: Dodged            ||    16
